 Dungeon Crawl Stone Soup version 0.29.1-15-g9cfb28693d (webtiles) character file.

Game seed: 1856053304497760409

12 Hugehornet the Shield-Bearer (level 2, -4/19 HPs)
             Began as a Gargoyle Fighter on Feb 21, 2023.
             Frozen to death by an endoplasm (5 damage)
             ... on level 1 of the Dungeon.
             The game lasted 00:00:57 (274 turns).

Hugehornet the Shield-Bearer (Gargoyle Fighter)      Turns: 274, Time: 00:00:58

Health: -4/19      AC:  9    Str: 19    XL:     2   Next: 33%
Magic:  2/2        EV:  9    Int:  8    God:
Gold:   22         SH:  4    Dex:  9    Spells: 1/1 levels left

rFire   . . .      SeeInvis .   a - +0 war axe
rCold   . . .      Faith    .   c - +0 buckler
rNeg    + . .      Spirit   .   b - +0 scale mail
rPois   ∞          Reflect  .   (no helmet)
rElec   +          Harm     .   (no cloak)
rCorr   .          Rampage  .   (no gloves)
Will    .....                   (no boots)
Stlth   ..........              (no amulet)
HPRegen 0.06/turn               (no ring)
MPRegen 0.08/turn               (no ring)

@: mighty, flying
A: sickness immunity, AC +2, negative energy resistance 1, electricity
resistance, torment resistance 1, petrification resistance
a: no special abilities


You were on level 1 of the Dungeon.
You visited 1 branch of the dungeon, and saw 1 of its levels.

You collected 22 gold pieces.

Inventory:

Hand Weapons
 a - a +0 war axe (weapon)
Armour
 b - a +0 scale mail (worn)
 c - a +0 buckler (worn)
Scrolls
 e - a scroll of magic mapping {unknown}
 f - a scroll of identify {unknown}


   Skills:
 + Level 3.3 Fighting
 * Level 2.1 Axes
 * Level 3.5 Armour
 * Level 3.5 Shields


You had one spell level left.
You didn't know any spells.
Your spell library contained the following spells:

 Spells                   Type           Power      Damage    Failure   Level
 Gell's Gravitas          Tloc           0%         N/A       99%         3
 Lesser Beckoning         Tloc           0%         N/A       99%         3
 Teleport Other           Tloc           0%         N/A       99%         3


Dungeon Overview and Level Annotations

Branches:
Dungeon (1/15)

Altars:


Innate Abilities, Weirdness & Mutations

You are immune to sickness and miasma.
Your stone body is resilient. (AC +2)
You are immune to poison.
You resist negative energy. (rN+)
You are resistant to electric shocks. (rElec)
You are resistant to unholy torment.
You are immune to petrification.


Message History

The ball python constricts you. The kobold hits you with a +0 whip.
The ball python closely misses you. The ball python constricts you.
You hit the ball python.
The ball python is heavily wounded.
You hit the kobold.
You kill the kobold!
A goblin comes into view. It is wielding a +0 club.
The ball python bites you but does no damage.
The ball python constricts you. The endoplasm freezes you.
You are frozen.
* * * LOW HITPOINT WARNING * * *
You escape the ball python's grasp.
The endoplasm attacks as you move away!
The endoplasm hits you but does no damage.
The ball python attacks as you move away!
The ball python bites you.
* * * LOW HITPOINT WARNING * * *
The goblin shouts!
A bat comes into view.
The bat moves out of view.
It was a potion of flight.
You feel very buoyant.
You fly up into the air.
The ball python barely misses you. The ball python misses you.
The endoplasm jiggles.
You slash the ball python!
You kill the ball python!
You slash the endoplasm!
You kill the endoplasm!
You hit the endoplasm.
The endoplasm is heavily wounded.
The endoplasm hits you but does no damage.
The endoplasm jiggles.
The endoplasm freezes you.
You are frozen.
* * * LOW HITPOINT WARNING * * *
You feel very mighty all of a sudden. The endoplasm freezes you.
You are frozen.
You die...

######### #.......#
#.......##### #####
.......gJ@..## #...#
.###...##...# #...#
##).##.#.#######...###
##..#.............'..
...#†#####......†###
..##.# #.......#
..###.# #....#### .#
..# #....# ## ..#
######


You could see an endoplasm and a goblin.

Vanquished Creatures
  2 endoplasms (D:1)
  2 goblins (D:1)
  A hobgoblin (D:1)
  4 ball pythons (D:1)
  3 kobolds (D:1)
12 creatures vanquished.

Vanquished Creatures (others)
  4 demonic plants (D:1)
  2 fungi (D:1)
  2 plants (D:1)
  A withered plant (D:1)
9 creatures vanquished.

Grand Total: 21 creatures vanquished

Notes
Turn   | Place    | Note
-------+----------+-------------------------------------------
     0 | D:1      | Hugehornet the Gargoyle Fighter began the quest for the
                  | Orb.
     0 | D:1      | Reached XP level 1. HP: 14/14 MP: 1/1
   185 | D:1      | Found a faded altar of an unknown god.
   187 | D:1      | Reached XP level 2. HP: 19/19 MP: 2/2
   274 | D:1      | Frozen to death by an endoplasm

Illustrated notes

Levels and vault maps discovered:
D:1:      minmay_arrival_diagonal_passages, layout_basic,
          shapermc_ecumenical_altar_gd, st_stairs_14, minmay_cupped

Skill      XL: |  1 |
---------------+----+-----
Axes           | 2 |  2.1
Fighting       | |  3.3
Armour         | |  3.5
Shields        | |  3.5

Action                   || total
-------------------------++-------
Melee: War axe           ||    39
  Use: Potion            ||     2
Armor: Scale mail        ||    20
Dodge: Dodged            ||    19
Block: Buckler           ||     4
